AoeStats
← EeeZee3

Northern Isles

510982910Analyzed
1v1 RM · 9h ago on Oct 3, 2026· 26m 54s· 2 players
Game mode
Random Map
Map size
Tiny (2 player)
Population
200
Speed
Normal
Resources
Standard
Victory
Conquest
Starting age
Dark Age
Ending age
Imperial Age
RankedLock teamsTeams togetherTeam positionsShared explorationLock speedFull tech treeHidden civsTurbo modeCheats
Victory
Defeat
🇹🇷 Huns · Türkiye
725
+11
🇨🇭 Saxons · Switzerland
612
-11
EeeZee3
1:43 Loom
11:16 Feudal Age
11:46 Double-Bit Axe
12:50 Town Watch
13:40 Horse Collar
14:41 Fletching
19:36 Gold Mining
22:09 Wheelbarrow
28:37 Castle Age
mehmet.eroztoprak
16:39 Feudal Age
24:00 Castle Age
22:05 Fletching
22:26 Forging
22:52 Double-Bit Axe
23:01 Stone Mining
23:09 Gold Mining
23:57 Loom
24:58 Medium Warships
24:51 Bodkin Arrow
25:32 Iron Casting
Connection lost

Rejoining the realm…

Still unreachable

The connection could not be restored.

Session expired

The server has moved on; the page needs a fresh start.